cohdb
Replays
Latest Replays
All Replays
Popular Replays
Top Player Replays
Match Explorer
How It Works
Community
CoH3 Stats
Reddit
Sign in to upload your games and track your stats! →
Sign in with Steam
Match 40179732
Unlisted
Match 40179732
Overview
Messages
Build Orders
End
Construct Section Command Post
Vickers Machine Gun Team
Selects Air and Sea Battlegroup
Dingo Light Scout Car
Infantry Section
Infantry Section
Construct Platoon Command Post
Humber Armored Car
Selects Commando Section Paradrop
Selects M1 Pack Howitzer Paradrop
6-pounder Anti-tank Gun Team
M1 Pack Howitzer Paradrop
Selects Naval Blockade
Selects UNKNOWN (223837)
Construct Company Command Post
湾仔领导
JunXXX
zpl0905
Stevel
aSIISpanky
Masang
0
0
Comments
sign in to comment!
No comments posted yet!